IL
IOWA CUBS @ EL PASO CHIHUAHUAS
05/27/2048
 
TOP OF THE 1ST
Iowa Cubs batting - Pitching for El Paso Chihuahuas : RHP Jorge Guerrero
Pitching: RHP Jorge Guerrero
Batting: SHB Seung-ho Zhang 0-0: Swinging Strike
0-1: Called Strike
0-2: Strikes out swinging
Batting: RHB Jon Aguilar 0-0: Ball
1-0: Ball
2-0: Bunt missed!
2-1: Ball
3-1: Base on Balls
Batting: SHB Gabriel Cruz 0-0: Ball
Jon Aguilar steals 2nd base (no throw)
1-0: Fly out, F7 (Flyball, 7LSF, EV 90.6 MPH)
Batting: RHB Ricardo Aguinaga 0-0: Called Strike
0-1: Ball
1-1: Ball
2-1: Foul Ball, location: 2F
2-2: Ball
3-2: Strikes out swinging
Top of the 1st over - 0 runs, 0 hits, 0 errors, 1 left on base; Iowa 0 - El Paso 0
BOTTOM OF THE 1ST
El Paso Chihuahuas batting - Pitching for Iowa Cubs : LHP Jesse Fields
Pitching: LHP Jesse Fields
Batting: LHB Angel Mejia 0-0: Ball
1-0: Called Strike
1-1: SINGLE (Groundball, 34D, EV 99.4 MPH)
Batting: RHB Andy Sheridan 0-0: Called Strike
0-1: Ball
1-1: Reached on error, E1 (Groundball, 15S, EV 68.8 MPH)
Angel Mejia to second
Batting: RHB Chase Briney 0-0: Called Strike
0-1: Ball
1-1: Ball
2-1: Foul Ball, location: 2F
2-2: Ball
3-2: Base on Balls
Angel Mejia to third
Andy Sheridan to second
Batting: RHB Roberto Lemus 0-0: GRAND SLAM HOME RUN (Flyball, 7D, EV 105.0 MPH), Distance : 400 ft
Batting: LHB Hugo MacBeth 0-0: Ball
1-0: Foul Ball, location: 2F
1-1: Called Strike
1-2: Foul Ball, location: 2F
1-2: Strikes out looking
Batting: RHB Kiril Emeshin 0-0: Ball
1-0: SINGLE (Line Drive, 89M, EV 86.2 MPH)
Batting: LHB Anthony Mosley 0-0: Ball
1-0: Called Strike
1-1: Swinging Strike
1-2: Foul Ball, location: 2F
1-2: Ball
2-2: Strikes out swinging
Batting: RHB Lamberto Amicis 0-0: Called Strike
0-1: Ball
1-1: Swinging Strike
1-2: Fielders Choice at 2nd, 6-4 (Groundball, 6, EV 101.2 MPH)
Bottom of the 1st over - 4 runs, 3 hits, 1 error, 1 left on base; Iowa 0 - El Paso 4
TOP OF THE 2ND
Iowa Cubs batting - Pitching for El Paso Chihuahuas : RHP Jorge Guerrero
Batting: RHB Adam O'Hare 0-0: Called Strike
0-1: Ball
1-1: Ball
2-1: Foul Ball, location: 2F
2-2: Strikes out swinging
Batting: RHB Pat Barton 0-0: Swinging Strike
0-1: Reached on error, E6 (Groundball, 6S, EV 88.1 MPH)
Batting: LHB Sumiki Okuhara 0-0: Ball
1-0: Ball
2-0: Ball
3-0: Called Strike
3-1: Base on Balls
Pat Barton to second
Batting: RHB Tony Mendez 0-0: Foul Ball, location: 2F
0-1: Ground out 5-3 (Groundball, 5S, EV 68.1 MPH)
Pat Barton to third
Sumiki Okuhara to second
Batting: RHB Rich Thurman 0-0: Called Strike
0-1: Called Strike
0-2: Foul Ball, location: 2F
0-2: Ball
1-2: Ball
2-2: SINGLE (Groundball, 34D, EV 98.8 MPH)
Pat Barton scores
Sumiki Okuhara to third
Runner from 3rd tries for Home, SAFE, throw by RF to home
Batting: SHB Seung-ho Zhang 0-0: Ball
Rich Thurman is caught stealing 2nd base 2-6
Top of the 2nd over - 2 runs, 1 hit, 1 error, 0 left on base; Iowa 2 - El Paso 4
BOTTOM OF THE 2ND
El Paso Chihuahuas batting - Pitching for Iowa Cubs : LHP Jesse Fields
Batting: RHB Ryan Tatum 0-0: Ball
1-0: SINGLE (Groundball, 6MD, EV 95.6 MPH)
Batting: LHB Angel Mejia 0-0: Called Strike
Pickoff Throw to First - Out! 1-3
0-1: Fly out, F7 (Flyball, 78M, EV 91.2 MPH)
Batting: RHB Andy Sheridan 0-0: Ball
1-0: Foul Ball, location: 2F
1-1: Ball
2-1: Ball
3-1: Base on Balls
Batting: RHB Chase Briney 0-0: Foul Ball, location: 2F
0-1: Ball
1-1: Fly out, F9 (Flyball, 9S, EV 84.4 MPH)
Bottom of the 2nd over - 0 runs, 1 hit, 0 errors, 1 left on base; Iowa 2 - El Paso 4
TOP OF THE 3RD
Iowa Cubs batting - Pitching for El Paso Chihuahuas : RHP Jorge Guerrero
Batting: SHB Seung-ho Zhang 0-0: SINGLE (Line Drive, 34, EV 96.2 MPH)
Batting: RHB Jon Aguilar 0-0: Called Strike
Seung-ho Zhang steals 2nd base
0-1: Ball
1-1: Ball
2-1: Ball
3-1: Ground out 5-3 (Groundball, 56S, EV 91.2 MPH)
Batting: SHB Gabriel Cruz 0-0: Ball
1-0: Called Strike
1-1: Called Strike
1-2: Ball
2-2: Foul Ball, location: 2F
2-2: Ball
3-2: Foul Ball, location: 2F
3-2: Fly out, F8 (Flyball, 8LD, EV 108.1 MPH)
Batting: RHB Ricardo Aguinaga 0-0: Ball
1-0: Ground out 3-1 (Groundball, 13, EV 83.8 MPH)
Top of the 3rd over - 0 runs, 1 hit, 0 errors, 1 left on base; Iowa 2 - El Paso 4
BOTTOM OF THE 3RD
El Paso Chihuahuas batting - Pitching for Iowa Cubs : LHP Jesse Fields
Batting: RHB Roberto Lemus 0-0: Ball
1-0: Swinging Strike
1-1: Foul Ball, location: 2F
1-2: Foul Ball, location: 2F
1-2: Foul Ball, location: 2F
1-2: Ball
2-2: Strikes out looking
Batting: LHB Hugo MacBeth 0-0: SINGLE (Groundball, 6M, EV 101.2 MPH) (infield hit)
Batting: RHB Kiril Emeshin 0-0: Called Strike
0-1: Foul Ball, location: 2F
0-2: Ball
1-2: Ball
2-2: Ball
3-2: Foul Ball, location: 2F
3-2: Fielders Choice at 2nd, 3-6 (Groundball, 23, EV 83.8 MPH)
Batting: LHB Anthony Mosley 0-0: Swinging Strike
0-1: Swinging Strike
0-2: Ball
Passed Ball!
Kiril Emeshin to second
1-2: Ball
2-2: Strikes out swinging
Bottom of the 3rd over - 0 runs, 1 hit, 0 errors, 1 left on base; Iowa 2 - El Paso 4
TOP OF THE 4TH
Iowa Cubs batting - Pitching for El Paso Chihuahuas : RHP Jorge Guerrero
Batting: RHB Adam O'Hare 0-0: Called Strike
0-1: Ball
1-1: Ball
2-1: Ground out 5-3 (Groundball, 5S, EV 81.9 MPH)
Batting: RHB Pat Barton 0-0: Fly out, F8 (Flyball, 8LM, EV 93.1 MPH)
Batting: LHB Sumiki Okuhara 0-0: Called Strike
0-1: Ball
1-1: Ball
2-1: Ball
3-1: Foul Ball, location: 2F
3-2: Ground out 4-3 (Groundball, 34D, EV 82.5 MPH)
Top of the 4th over - 0 runs, 0 hits, 0 errors, 0 left on base; Iowa 2 - El Paso 4
BOTTOM OF THE 4TH
El Paso Chihuahuas batting - Pitching for Iowa Cubs : LHP Jesse Fields
Batting: RHB Lamberto Amicis 0-0: Ball
1-0: Called Strike
1-1: Ground out 6-3 (Groundball, 6, EV 84.4 MPH)
Batting: RHB Ryan Tatum 0-0: Swinging Strike
0-1: Ball
1-1: Called Strike
1-2: Foul Ball, location: 2F
1-2: Strikes out swinging
Batting: LHB Angel Mejia 0-0: Ball
1-0: Called Strike
1-1: Called Strike
1-2: Strikes out swinging
Bottom of the 4th over - 0 runs, 0 hits, 0 errors, 0 left on base; Iowa 2 - El Paso 4
TOP OF THE 5TH
Iowa Cubs batting - Pitching for El Paso Chihuahuas : RHP Jorge Guerrero
Batting: RHB Tony Mendez 0-0: Ball
1-0: Swinging Strike
1-1: Fly out, F9 (Flyball, 9S, EV 80.6 MPH)
Batting: RHB Rich Thurman 0-0: Ball
1-0: Ball
2-0: Ball
3-0: Called Strike
3-1: Foul Ball, location: 2F
3-2: Ground out 1-3 (Groundball, 15, EV 65.6 MPH)
Batting: SHB Seung-ho Zhang 0-0: Called Strike
0-1: Ball
1-1: Swinging Strike
1-2: Ball
2-2: Ball
3-2: Strikes out swinging
Top of the 5th over - 0 runs, 0 hits, 0 errors, 0 left on base; Iowa 2 - El Paso 4
BOTTOM OF THE 5TH
El Paso Chihuahuas batting - Pitching for Iowa Cubs : LHP Jesse Fields
Batting: RHB Andy Sheridan 0-0: Fly out, F3 (Popup, 3F, EV 80.6 MPH)
Batting: RHB Chase Briney 0-0: Ball
1-0: Ground out 5-3 (Groundball, 56, EV 85.0 MPH)
Batting: RHB Roberto Lemus 0-0: Ball
1-0: Ball
2-0: Ground out 5-3 (Groundball, 56, EV 83.1 MPH)
Bottom of the 5th over - 0 runs, 0 hits, 0 errors, 0 left on base; Iowa 2 - El Paso 4
TOP OF THE 6TH
Iowa Cubs batting - Pitching for El Paso Chihuahuas : RHP Jorge Guerrero
Batting: RHB Jon Aguilar 0-0: Hit by Pitch
Batting: SHB Gabriel Cruz 0-0: Called Strike
0-1: Called Strike
0-2: Strikes out swinging
Batting: RHB Ricardo Aguinaga 0-0: Ball
1-0: Called Strike
1-1: Swinging Strike
1-2: Strikes out swinging
Batting: RHB Adam O'Hare 0-0: Ball
Jon Aguilar steals 2nd base (no throw)
1-0: 2-RUN HOME RUN (Flyball, 9D, EV 101.2 MPH), Distance : 386 ft
Batting: RHB Pat Barton 0-0: Called Strike
0-1: Fly out, F7 (Flyball, 7, EV 96.9 MPH)
Top of the 6th over - 2 runs, 1 hit, 0 errors, 0 left on base; Iowa 4 - El Paso 4
BOTTOM OF THE 6TH
El Paso Chihuahuas batting - Pitching for Iowa Cubs : LHP Jesse Fields
Batting: LHB Hugo MacBeth 0-0: Ball
1-0: Called Strike
1-1: Ball
2-1: Swinging Strike
2-2: Fly out, F7 (Flyball, 78D, EV 83.8 MPH)
Batting: RHB Kiril Emeshin 0-0: Ball
1-0: Ball
2-0: Ball
3-0: Called Strike
3-1: Base on Balls
Batting: LHB Anthony Mosley 0-0: Ball
1-0: Fielders Choice at 2nd, 6-4 (Groundball, 6, EV 87.5 MPH)
Batting: RHB Lamberto Amicis 0-0: Ball
1-0: Ball
2-0: SINGLE (Line Drive, 8RS, EV 95.0 MPH)
Anthony Mosley to second
Pitching: RHP Jose Ramirez
Batting: RHB Ryan Tatum 0-0: Ball
1-0: Ball
2-0: Ball
3-0: Called Strike
3-1: Base on Balls
Anthony Mosley to third
Lamberto Amicis to second
Batting: LHB Angel Mejia 0-0: Called Strike
0-1: Called Strike
0-2: Ball
1-2: Foul Ball, location: 2F
1-2: SINGLE (Flyball, 6MD, EV 92.5 MPH)
Anthony Mosley scores
Lamberto Amicis to third
Ryan Tatum to second
Runner from 3rd tries for Home, SAFE, throw by CF to home
Batting: RHB Andy Sheridan 0-0: Ball
1-0: Foul Ball, location: 2F
1-1: Ball
2-1: Ground out 4-3 (Groundball, 4, EV 82.5 MPH)
Bottom of the 6th over - 2 runs, 2 hits, 0 errors, 2 left on base; Iowa 4 - El Paso 6
TOP OF THE 7TH
Iowa Cubs batting - Pitching for El Paso Chihuahuas : RHP Jorge Guerrero
Batting: LHB Sumiki Okuhara 0-0: Ball
1-0: Foul Ball, location: 2F
1-1: Swinging Strike
1-2: Foul Ball, location: 2F
1-2: DOUBLE (Flyball, 8RD, EV 97.5 MPH)
Batting: RHB Tony Mendez 0-0: Foul Ball, location: 2F
0-1: Foul Ball, location: 2F
0-2: Strikes out swinging
Batting: RHB Rich Thurman 0-0: Foul Ball, location: 2F
0-1: Foul Ball, location: 2F
0-2: Foul Ball, location: 2F
0-2: Ball
1-2: Foul Ball, location: 2F
1-2: Foul Ball, location: 2F
1-2: Foul Ball, location: 2F
1-2: Strikes out looking
Pitching: RHP Rich Reinbolt
Batting: SHB Seung-ho Zhang 0-0: Foul Ball, location: 2F
0-1: Ball
1-1: Ball
2-1: Foul Ball, location: 2F
2-2: Foul Ball, location: 2F
2-2: Strikes out swinging
Top of the 7th over - 0 runs, 1 hit, 0 errors, 1 left on base; Iowa 4 - El Paso 6
BOTTOM OF THE 7TH
El Paso Chihuahuas batting - Pitching for Iowa Cubs : RHP Jose Ramirez
Batting: RHB Chase Briney 0-0: Called Strike
0-1: Ball
1-1: Ground out 4-3 (Groundball, 4, EV 100.6 MPH)
Batting: RHB Roberto Lemus 0-0: Ball
1-0: Called Strike
1-1: Foul Ball, location: 2F
1-2: Foul Ball, location: 2F
1-2: Ball
2-2: Foul Ball, location: 2F
2-2: Fly out, F8 (Flyball, 89M, EV 80.0 MPH)
Batting: LHB Hugo MacBeth 0-0: Fly out, F8 (Line Drive, 8LD, EV 91.9 MPH)
Bottom of the 7th over - 0 runs, 0 hits, 0 errors, 0 left on base; Iowa 4 - El Paso 6
TOP OF THE 8TH
Iowa Cubs batting - Pitching for El Paso Chihuahuas : RHP Rich Reinbolt
Batting: RHB Jon Aguilar 0-0: Ground out 4-3 (Groundball, 4, EV 80.0 MPH)
Batting: SHB Gabriel Cruz 0-0: Ball
1-0: Called Strike
1-1: Ball
2-1: Ground out 3-1 (Groundball, 34, EV 104.4 MPH)
Batting: RHB Ricardo Aguinaga 0-0: Fly out, F4 (Popup, 23, EV 81.2 MPH)
Top of the 8th over - 0 runs, 0 hits, 0 errors, 0 left on base; Iowa 4 - El Paso 6
BOTTOM OF THE 8TH
El Paso Chihuahuas batting - Pitching for Iowa Cubs : RHP Jose Ramirez
Batting: RHB Kiril Emeshin 0-0: Called Strike
0-1: Foul Ball, location: 2F
0-2: Strikes out swinging
Batting: LHB Anthony Mosley 0-0: Foul Ball, location: 2F
0-1: Foul Ball, location: 2F
0-2: Strikes out swinging
Batting: RHB Lamberto Amicis 0-0: Called Strike
0-1: Swinging Strike
0-2: Ground out 4-3 (Groundball, 6M, EV 77.5 MPH)
Bottom of the 8th over - 0 runs, 0 hits, 0 errors, 0 left on base; Iowa 4 - El Paso 6
TOP OF THE 9TH
Iowa Cubs batting - Pitching for El Paso Chihuahuas : RHP Rich Reinbolt
Pitching: RHP Ching Ge
Now at 1B: Matt Fabre
Batting: RHB Adam O'Hare 0-0: Ball
1-0: Ball
2-0: Called Strike
2-1: Swinging Strike
2-2: Strikes out swinging
Batting: RHB Pat Barton 0-0: Foul Ball, location: 2F
0-1: Ball
1-1: Swinging Strike
1-2: Foul Ball, location: 2F
1-2: Strikes out swinging
Batting: LHB Sumiki Okuhara 0-0: Called Strike
0-1: Ball
1-1: Swinging Strike
1-2: Strikes out swinging
Top of the 9th over - 0 runs, 0 hits, 0 errors, 0 left on base; Iowa 4 - El Paso 6
Tuesday, March 28th , 2023 - OOTP Baseball 23.10 Build 110